 Dungeon Crawl Stone Soup version 0.31.0 (webtiles) character file.

Game seed: 16633176124929885257

72 Gingerlord the Trooper (level 4, -1/49 HPs)
             Began as an Oni Fighter on Jan 19, 2024.
             Succumbed to an adder's poison
             ... on level 2 of the Dungeon.
             The game lasted 00:05:21 (1663 turns).

Gingerlord the Trooper (Oni Fighter)                Turns: 1663, Time: 00:05:21

Health: -1/49      AC:  3    Str: 20    XL:     4   Next: 26%
Magic:  4/4        EV:  9    Int:  9    God:
Gold:   103        SH:  9    Dex: 10    Spells: 3/3 levels left

rFire   . . .        a - +0 long sword
rCold   . . .        c - +1 kite shield
rNeg    . . .        b - +0 robe
rPois   .            (helmet restricted)
rElec   .            (no cloak)
rCorr   .            (gloves unavailable)
SInv    .            (boots unavailable)
Will    .....        (no amulet)
Stlth   +            (no ring)
HPRegen 0.28/turn    (no ring)
MPRegen 0.09/turn

%: no passive effects
@: lethally poisoned (-1 -> -5)
A: large, unfitting armour, horns 1, tough skin 1, double potion healing,
drunken brawling, mutation resistance 1
a: no special abilities


You were on level 2 of the Dungeon.
You visited 1 branch of the dungeon, and saw 3 of its levels.

You collected 103 gold pieces.

Inventory:

Hand Weapons
 a - a +0 long sword (weapon)
Armour
 b - a +0 robe (worn)
 c - a +1 kite shield (worn)
Potions
 d - 2 potions of might
 k - a potion of mutation


   Skills:
 + Level 4.6 Fighting
 + Level 2.3 Long Blades
 + Level 1.3 Armour
 + Level 3.1 Dodging
 + Level 3.1 Shields


You had 3 spell levels left.
You didn't know any spells.
Your spell library was empty.

Dungeon Overview and Level Annotations

Branches:
Dungeon (3/15)

Altars:
Yredelemnul

Annotations:
D:2 Ijyb


Innate Abilities, Weirdness & Mutations

You are too large for most types of armour.
You have a pair of small horns on your head.
You have tough skin. (AC +1)
You gain doubled healing and magic from potions.
Whenever you drink a healing potion, you attack all around you.
You are somewhat resistant to further mutation.


Message History

The grasping roots constrict you!
* * * LOW HITPOINT WARNING * * *
You escape the roots grasp.
The adder bites you.
* * * LOW HITPOINT WARNING * * *
You are lethally poisoned!
The adder poisons you! The dart slug launches a dart at you.
The slug dart hits you.
* * * LOW HITPOINT WARNING * * *
Ijyb screams, "Me kill you!"
You take a swig of the potion and twirl your +0 long sword.
You barely miss the adder. You hit the dart slug.
The dart slug is moderately wounded.
You barely miss Ijyb.
Ijyb is moderately wounded.
You savour every drop.
You feel better. You block the adder's attack.
Ijyb zaps a wand.
The roots erupt in riotous growth!
The grasping roots grab you!
Ijyb is unaffected.
The dart slug is unaffected.
The adder is unaffected.
The grasping roots constrict you.
* * * LOW HITPOINT WARNING * * *
You escape the roots grasp.
The dart slug attacks as it pursues you!
The dart slug bites you.
* * * LOW HITPOINT WARNING * * *
The adder bites you but does no damage.
Ijyb screams, "No!
No, no, no, no!"
There is a stone staircase leading up, spattered with blood here.
You block the adder's attack. You block the dart slug's attack.
Ijyb hits you with a +0 club.
* * * LOW HITPOINT WARNING * * *
You climb upwards.
There is a stone staircase leading down here.
You block the adder's attack. You block Ijyb's attack. The adder bites you.
* * * LOW HITPOINT WARNING * * *
You are lethally poisoned!
The adder poisons you! Ijyb hits you with a +0 club.
* * * LOW HITPOINT WARNING * * *
You die...

...#..###....#...#...#.######.##
.......................# #.#
...#.............##...## #.###
...#.#####............##### #....
..........................# #####
....)..........w>....####.#
.#.#.####...##.gS..### #.##
............###.#########..######
.#.#.##.....#.#.@................
.#.#.##.#...#.###########..######
.......................##..#
........#.....########.##..#
.#........#.#.# #.##..######
.#.#.##.#.#.#.########.##........
..........................#######
.#.####.#.#.#.########...........
.#.####.#.#.#.########..#..######


You could see Ijyb and a dart slug.

Vanquished Creatures
  2 adders (D:2)
  A ribbon worm (D:2)
  A dart slug (D:2)
  An orc (D:2)
  5 endoplasms
  4 giant cockroaches
  3 goblins
  A hobgoblin (D:1)
  8 jackals
  2 kobolds (D:2)
  2 quokkas
  4 bats
  4 frilled lizards
  7 rats
45 creatures vanquished.

Notes
Turn   | Place    | Note
-------+----------+-------------------------------------------
     0 | D:1      | Gingerlord the Oni Fighter began the quest for the Orb.
     0 | D:1      | Reached XP level 1. HP: 24/24 MP: 1/1
    76 | D:1      | Reached XP level 2. HP: 29/32 MP: 2/2
   514 | D:2      | Reached XP level 3. HP: 40/40 MP: 3/3
   538 | D:2      | Reached skill level 1 in Armour
   591 | D:2      | Found a basalt altar of Yredelemnul.
  1133 | D:2      | Reached XP level 4. HP: 46/49 MP: 4/4
  1608 | D:3      | Noticed Ijyb
  1620 | D:2      | Gained mutation: You are clumsy. (Dex -2) [potion of
                  | mutation]
  1620 | D:2      | Lost mutation: You are clumsy. (Dex -2) [potion of
                  | mutation]
  1620 | D:2      | Gained mutation: You are somewhat resistant to further
                  | mutation. [potion of mutation]
  1656 | D:3      | HP: 1/49 [dart slug/slug dart (3)]
  1662 | D:2      | HP: 1/49 [Ijyb/+0 club (2)]
  1663 | D:2      | Succumbed to an adder's poison

Illustrated notes

Levels and vault maps discovered:
D:1:      nicolae_arrival_washed_ashore, layout_rooms
D:2:      layout_basic, basic_altar, minmay_misc_feat_more_columns,
          chequers_jeans
D:3:      layout_rooms, mainiacjoe_overflow_tiny_flanked,
          amethyst_overflow_temple_binary, nicolae_ecumenical_lake_church,
          uniq_ijyb

Skill      XL: |  1  2  3 |
---------------+----------+-----
Long Blades    | 2 |  2.3
Armour         | 1 |  1.3
Shields        | 3 |  3.1
Dodging        | 3 |  3.1
Fighting       | |  4.6

Action                     |  1- 3 |  4- 6 || total
---------------------------+-------+-------++-------
  Melee: Long sword        |   103 |    36 ||   139
         Headbutt          |    15 |     3 ||    18
    Use: Scroll            |       |     5 ||     5
         Potion            |       |     3 ||     3
 Armour: Robe              |    86 |    30 ||   116
  Dodge: Dodged            |    53 |    14 ||    67
  Block: Kite shield       |    54 |    29 ||    83
